 Dungeon Crawl Stone Soup version 0.21-a0-538-gd16b88a (webtiles) character file.

2361 Lavandula the Slicer (level 9, -1/63 HPs)
             Began as a Mummy Chaos Knight on Dec 15, 2017.
             Slain by a black mamba (8 damage)
             ... on level 8 of the Dungeon.
             The game lasted 00:20:34 (8531 turns).

Lavandula the Slicer (Mummy Chaos Knight)           Turns: 8531, Time: 00:20:35

Health: -1/63      AC: 10    Str: 18    XL:     9   Next: 21%
Magic:  10/10      EV: 13    Int: 11    God:    Xom [......]
Gold:   673        SH:  0    Dex: 19    Spells: 8/8 levels left

rFire    x x .     SeeInvis .   D - +2 dagger (pain)
rCold    + + .     Gourm    .   (no shield)
rNeg     + + +     Faith    .   v - +2 ring mail of the Dolphin {Regen+ Str+2}
rPois    ∞         Spirit   .   (no helmet)
rElec    .         Reflect  .   s - +1 cloak
rCorr    .         Harm     .   (no gloves)
MR       +....                  q - +0 pair of boots
Stlth    +.........             i - amulet of magic regeneration
HPRegen  0.60/turn              j - +5 ring of dexterity
MPRegen  0.37/turn              y - ring of ice

@: no status effects
A: no food or potions, fire vulnerability, cold resistance 1, negative energy
resistance 3, torment resistance, unbreathing
a: Renounce Religion


You were on level 8 of the Dungeon.
You worshipped Xom.
You were a very special plaything of Xom.
You were not hungry.

You visited 1 branch of the dungeon, and saw 8 of its levels.

You collected 790 gold pieces.
You spent 117 gold pieces at shops.

Inventory:

Hand Weapons
 a - a +0 short sword of chaos
 m - a +1 dagger of freezing
 o - a +2 spear of flaming
 C - a +1 dagger of electrocution
 D - a +2 dagger of pain (weapon)
Missiles
 c - 9 tomahawks (quivered)
 n - 4 tomahawks of dispersal
 p - 6 curare-tipped needles
Armour
 b - a +2 leather armour
 q - a +0 pair of boots (worn)
 s - a +1 cloak (worn)
 v - the +2 ring mail of the Dolphin (worn) {Regen+ Str+2}
   (You found it on level 5 of the Dungeon)

   It affects your strength (+2).
   It increases your rate of regeneration.
 A - a -2 leather armour
Jewellery
 h - a +3 ring of strength {unknown}
 i - an amulet of magic regeneration (around neck)
 j - a +5 ring of dexterity (left hand)
 y - a ring of ice (right hand)
Wands
 l - a wand of flame (5)
 r - a wand of enslavement (8)
 w - a wand of random effects (17)
Scrolls
 e - a scroll of amnesia
 f - a scroll of enchant weapon
 g - a scroll of teleportation
 k - 2 scrolls of fear
 t - 5 scrolls of blinking
 u - a scroll of immolation {unknown}
 z - 3 scrolls of magic mapping {unknown}
 B - a scroll of enchant armour {unknown}
 E - a scroll of random uselessness {unknown}
Books
 d - a book of Maledictions

   Spells                             Type                      Level
   a - Corona                         Hexes                        1
   b - Ensorcelled Hibernation        Hexes/Ice                    2
   c - Confuse                        Hexes                        3
   d - Tukima's Dance                 Hexes                        3
   e - Dazzling Spray                 Conjuration/Hexes            3


   Skills:
 - Level 3.0 Fighting
 - Level 9.6 Short Blades
 - Level 1.5 Armour
 - Level 4.1 Dodging
 + Level 1.9 Evocations


You had 8 spell levels left.
You didn't know any spells.

Dungeon Overview and Level Annotations

Branches:
Dungeon (8/15)             Temple (0/1) D:4
   Lair: D:8-11

Altars:
Ashenzari
Xom

Shops:
D:5 [

Annotations:
D:5 Eustachio


Innate Abilities, Weirdness & Mutations

You do not eat or drink.
Your flesh is vulnerable to fire.
You are immune to poison.
Your flesh is cold resistant. (rC+)
You are immune to negative energy. (rN+++)
You are immune to unholy pain and torment.
You can survive without breathing.


Message History

The black mamba is severely wounded.
The black mamba bites you!
* * * LOW HITPOINT WARNING * * *
You hit the black mamba.
The black mamba is almost dead.
The black mamba closely misses you.
You miss the black mamba.
The black mamba is almost dead.
The black mamba barely misses you.
You hit the black mamba.
The black mamba is almost dead.
The black mamba bites you!
* * * LOW HITPOINT WARNING * * *
You closely miss the black mamba.
The black mamba is almost dead.
The black mamba bites you but does no damage.
You barely miss the black mamba.
The black mamba is almost dead.
The black mamba bites you!
You die...

......# # #.#.#.#####
#.#.#...# #.#.#.#.....
#......<###.#.#......
#.#.#.#............# #
#.###.#...[..#
#..##........#
#.##.######....##.
#..................
........##..@.#...#...
######...#.S......# .
#.#.#...##..... #.
.........#...
#.#.........#....
..(...#.##..# ...
#.#...... ..#
#.###..### .#


You could see a black mamba.

Vanquished Creatures
  Grinder (D:2)
  Menkaure (D:6)
  Duvessa (D:7)
  A sky beast (D:7)
  A phantom (D:5)
  A centaur (D:5)
  3 bullfrogs (D:7)
  Dowan (D:7)
  2 scorpions (D:6)
  A wyvern skeleton (D:5)
  2 howler monkeys
  2 crimson imps
  A bullfrog zombie (D:5)
  A centaur skeleton (D:5)
  4 hounds
  8 orc wizards
  2 orc priests
  Crazy Yiuf (D:7)
  5 jellies
  3 worker ants
  A worker ant zombie (D:5)
  7 gnolls
  12 adders
  3 shadow imps
  2 adder zombies
  3 adder skeletons
  A worm (D:5)
  2 dart slugs
  6 leopard geckos
  20 orcs
  A ball python (D:2)
  3 giant cockroaches
  7 hobgoblins
  6 jackals
  A quokka (D:6)
  3 bats
  11 frilled lizards
  4 goblins
  A jackal skeleton (D:4)
  10 kobolds
  11 rats
157 creatures vanquished.

Vanquished Creatures (collateral kills)
  An orc warrior (D:7)
  2 howler monkeys (D:7)
  3 orcs (D:7)
6 creatures vanquished.

Vanquished Creatures (others)
  Pikel (D:5)
  A water moccasin (D:7)
  4 slaves (D:5)
  A shadow imp (D:5)
  A worm (D:2)
8 creatures vanquished.

Grand Total: 171 creatures vanquished

Notes
Turn   | Place    | Note
-------+----------+-------------------------------------------
     0 | D:1      | Lavandula the Mummy Chaos Knight began the quest for the Orb.
     0 | D:1      | Reached XP level 1. HP: 18/18 MP: 1/1
    68 | D:1      | XOM: butterfly on damage
    68 | D:1      | XOM: smoke on damage
   283 | D:1      | XOM: harmless Tloc miscast
   296 | D:1      | XOM: scenery: create altars
   298 | D:1      | Reached skill level 3 in Short Blades
   298 | D:1      | Reached XP level 2. HP: 22/24 MP: 2/2
   360 | D:1      | XOM: noise
   800 | D:2      | XOM: potion effect (brilliance)
   803 | D:2      | Reached XP level 3. HP: 29/29 MP: 3/3
  1161 | D:1      | XOM: harmless Summ miscast
  1189 | D:2      | Found a shattered altar of Ashenzari.
  1445 | D:2      | XOM: mild Tloc miscast
  1499 | D:2      | Reached skill level 4 in Short Blades
  1535 | D:2      | Reached XP level 4. HP: 25/35 MP: 4/4
  1622 | D:3      | Noticed Grinder
  1623 | D:3      | Paralysed by Grinder for 7 turns
  1710 | D:2      | Reached skill level 1 in Dodging
  1896 | D:3      | XOM: harmless Tloc miscast
  1898 | D:2      | XOM: potion effect (haste)
  1901 | D:2      | Paralysed by Grinder for 6 turns
  1909 | D:2      | XOM: noise
  1918 | D:2      | XOM: noise
  1921 | D:2      | XOM: confuse monster(s)
  1922 | D:2      | Killed Grinder
  1922 | D:2      | Reached XP level 5. HP: 14/41 MP: 5/5
  1922 | D:2      | Reached XP level 6. HP: 16/47 MP: 6/6
  2242 | D:3      | Found a transporter.
  2258 | D:3      | Noticed a kobold demonologist
  2268 | D:3      | XOM: swap monsters
  2423 | D:3      | Found a transporter.
  2425 | D:3      | Noticed a ynoxinul
  2427 | D:3      | Noticed an ice devil
  2458 | D:3      | XOM: 2-stop teleportation journey
  2467 | D:3      | XOM: enchant monster (bad)
  2471 | D:3      | XOM: scenery: create altars
  2917 | D:3      | XOM: confusion (+ monsters)
  3089 | D:3      | XOM: god gift: 14 gold pieces
  3550 | D:3      | Found a faded altar of an unknown god.
  3588 | D:4      | XOM: stealth player
  3612 | D:4      | Reached skill level 5 in Short Blades
  3661 | D:4      | XOM: scenery: create altars
  3761 | D:4      | XOM: scenery: create altars
  3789 | D:4      | XOM: god gift: 510 gold pieces
  3888 | D:3      | XOM: cloud trail
  4036 | D:4      | Reached XP level 7. HP: 51/52 MP: 7/7
  4312 | D:4      | Found a staircase to the Ecumenical Temple.
  4729 | D:4      | XOM: scenery: 1 doors close
  4738 | D:5      | Entered Level 5 of the Dungeon
  4766 | D:5      | XOM: god gift: scroll labeled HAPTAO PEHA {god gift}
  4770 | D:5      | Noticed Pikel
  4771 | D:5      | XOM: harmless Chrm miscast
  4794 | D:5      | XOM: potion effect (heal wounds)
  4795 | D:5      | XOM: potion effect (haste)
  4798 | D:5      | XOM: divination: detect creatures
  4821 | D:4      | XOM: harmless Tmut miscast
  5038 | D:5      | Found Qankahul's Antique Armour Emporium.
  5051 | D:4      | XOM: divination: detect creatures
  5263 | D:5      | Reached skill level 6 in Short Blades
  5278 | D:5      | Killed Pikel
  5425 | D:5      | XOM: potion effect (might)
  5579 | D:5      | Got a bronze ring mail
  5580 | D:5      | Identified the +2 ring mail of the Dolphin {Regen+ Str+2} (You found it on level 5 of the Dungeon)
  5612 | D:5      | Bought a pair of boots for 117 gold pieces
  5645 | D:5      | XOM: harmless Hex miscast
  5777 | D:5      | Killed a freed slave
  5801 | D:5      | XOM: harmless Erth miscast
  5815 | D:5      | Reached skill level 7 in Short Blades
  5815 | D:5      | Reached XP level 8. HP: 54/58 MP: 8/8
  5817 | D:5      | Noticed Eustachio
  5826 | D:5      | XOM: cleaving
  6298 | D:5      | XOM: enchant monster (bad)
  6585 | D:6      | XOM: harmless Ice miscast
  6617 | D:5      | XOM: medium Hex miscast
  6640 | D:6      | Noticed Menkaure
  6657 | D:6      | Killed Menkaure
  6702 | D:6      | XOM: noise
  6717 | D:6      | XOM: mild Tloc miscast
  6749 | D:6      | Reached skill level 8 in Short Blades
  6832 | D:6      | XOM: blink monster(s)
  6834 | D:6      | XOM: swap monsters
  6917 | D:6      | XOM: enchant monster (bad)
  7197 | D:6      | XOM: harmless Pois miscast
  7247 | D:7      | XOM: stat loss: -1 Dex (17/18)
  7291 | D:7      | XOM: summons friendly crimson imp
  7407 | D:7      | Reached skill level 9 in Short Blades
  7551 | D:7      | XOM: harmless Necr miscast
  7783 | D:7      | XOM: harmless Hex miscast
  7794 | D:7      | XOM: harmless Chrm miscast
  7887 | D:7      | Reached XP level 9. HP: 60/63 MP: 9/9
  7925 | D:7      | Noticed Duvessa
  7927 | D:7      | Noticed Dowan
  7939 | D:7      | XOM: scenery: create altars
  7955 | D:7      | Killed Duvessa
  7955 | D:7      | Killed Dowan
  7957 | D:7      | XOM: scenery: create altars
  8030 | D:7      | Noticed Joseph
  8038 | D:7      | Noticed Joseph
  8038 | D:7      | Joseph changed into Joseph the water moccasin
  8038 | D:7      | XOM: polymorph Joseph -> Joseph the water moccasin
  8052 | D:7      | Your ally Joseph died
  8057 | D:7      | XOM: blink monster(s)
  8104 | D:7      | Reached skill level 1 in Evocations
  8216 | D:7      | Found a runed door.
  8259 | D:7      | XOM: summons 2 hostile shadow creatures
  8388 | D:7      | Noticed Crazy Yiuf
  8417 | D:7      | XOM: confuse monster(s)
  8429 | D:7      | Killed Crazy Yiuf
  8516 | D:8      | Noticed a black mamba
  8516 | D:8      | a hornet changed into a black mamba
  8516 | D:8      | XOM: polymorph hornet -> black mamba
  8531 | D:8      | Slain by a black mamba

Vault maps used:
D:1:      dpeg_arrival_lava_temple_mockup
D:2:      ashenzari_altar_1
D:3:      gammafunk_wand_slinger, chequers_ecumenical_altar_lobes, uniq_grinder
D:4:      minmay_temple_entry_fiery, kennysheep_small_square
D:5:      serial_shops, shop, first_bread, uniq_eustachio, uniq_pikel
D:6:      uniq_menkaure
D:7:      uniq_duvessa, uniq_joseph, uniq_crazy_yiuf_cottage

Skill      XL: |  1  2  3  4  5  6  7  8  9 |
---------------+----------------------------+-----
Short Blades   | 3 4 5 7 9 |  9.6
Dodging        | 3 4 |  4.1
Evocations     | 1 |  1.9
Fighting       | |  3.0
Armour         | |  1.5

Action                   |  1- 3 |  4- 6 |  7- 9 || total
-------------------------+-------+-------+-------++-------
Melee: Short sword       |   126 |   133 |   322 ||   581
       Dagger            |     3 |    36 |   140 ||   179
Evoke: Wand              |       |    10 |     9 ||    19
  Use: Scroll            |     1 |     5 |     3 ||     9
 Stab: Sleeping          |       |     4 |       ||     4
       Petrified         |       |       |     2 ||     2
       Paralysed         |       |       |     2 ||     2
       Confused          |       |       |     1 ||     1
Armor: Leather armour    |    35 |    58 |    28 ||   121
       Ring mail         |       |       |    80 ||    80
Dodge: Dodged            |    49 |   143 |   234 ||   426

Table legend:
 A = Spawn XP
 B = Non-spawn XP
 C = Spawn XP percentage of total XP
 D = Spawn monster count
 E = Non-spawn monster count
 F = Spawn count percentage of total count
 G = Total turns spent on level
                    A         B        C        D         E        F      G
               +---------+---------+-------+---------+---------+-------+---------
         Total |       0 |    3373 |   0.0 |       0 |     166 |   0.0 |  8531
               +---------+---------+-------+---------+---------+-------+---------
           D:1 |       0 |      33 |   0.0 |       0 |      23 |   0.0 |   942
           D:2 |       0 |     375 |   0.0 |       0 |      22 |   0.0 |  1178
           D:3 |       0 |     228 |   0.0 |       0 |      30 |   0.0 |  1562
           D:4 |       0 |     221 |   0.0 |       0 |      20 |   0.0 |  1507
           D:5 |       0 |     719 |   0.0 |       0 |      24 |   0.0 |  1435
           D:6 |       0 |     654 |   0.0 |       0 |      17 |   0.0 |   576
           D:7 |       0 |    1135 |   0.0 |       0 |      28 |   0.0 |  1302
           D:8 |       0 |       8 |   0.0 |       0 |       2 |   0.0 |    29
               +---------+---------+-------+---------+---------+-------+---------
